 Dungeon Crawl Stone Soup version 0.25.0-1-g7eea58d (webtiles) character file.

Game seed: 10947265215200251075

27 thesequoiad the Firebug (level 3, -2/25 HPs)
             Began as a Formicid Fire Elementalist on June 14, 2020.
             Slain by a human (9 damage)
             ... on level 1 of the Dungeon.
             The game lasted 00:05:07 (1152 turns).

thesequoiad the Firebug (FoFE)                      Turns: 1152, Time: 00:05:07

Health: -2/25      AC:  2    Str: 12    XL:     3   Next: 25%
Magic:  2/6        EV: 12    Int: 15    God:
Gold:   46         SH:  0    Dex: 11    Spells: 6/7 levels left

rFire    . . .     SeeInvis +   e - +0 dagger
rCold    . . .     Gourm    .   (no shield)
rNeg     . . .     Faith    .   a - +0 robe
rPois    .         Spirit   .   (helmet unavailable)
rElec    .         Reflect  .   (no cloak)
rCorr    .         Harm     .   (no gloves)
MR       .....                  (no boots)
Stlth    ++........             (no amulet)
HPRegen  0.08/turn              (no ring)
MPRegen  0.10/turn              (no ring)

@: no status effects
A: permanent stasis, dig shafts and tunnels, four strong arms, antennae 3
a: Dig, Shaft Self


You were on level 1 of the Dungeon.
You were not hungry.

You visited 1 branch of the dungeon, and saw 2 of its levels.

You collected 46 gold pieces.

Inventory:

Hand Weapons
 e - a +0 dagger (weapon)
Missiles
 f - 17 poisoned darts (quivered)
Armour
 a - a +0 robe (worn)
Scrolls
 b - a scroll of amnesia {unknown}
 d - 2 scrolls of remove curse
 g - a scroll of identify {unknown}
 i - a scroll of fog {unknown}
 j - a scroll of enchant armour {unknown}
 k - 2 scrolls of teleportation {unknown}
Potions
 h - a potion of berserk rage {unknown}
Comestibles
 c - 4 rations
 l - a chunk of flesh


   Skills:
 + Level 0.8 Fighting
 - Level 1.7 Dodging
 - Level 2.4 Stealth
 + Level 2.5 Spellcasting
 * Level 1.5 Conjurations
 * Level 3.4 Fire Magic


You had 6 spell levels left.
You knew the following spells:

 Your Spells              Type           Power        Failure   Level  Hunger
a - Foxfire               Conj/Fire      #...         8%          1    #......

Your spell library contained the following spells:

 Spells                   Type           Power        Failure   Level  Hunger
 Conjure Flame            Conj/Fire      #.......     22%         3    ###....
 Inner Flame              Hex/Fire       #.......     30%         3    ###....
 Sticky Flame             Conj/Fire      #.......     58%         4    #####..
 Fireball                 Conj/Fire      #.........   91%         5    ######.


Dungeon Overview and Level Annotations

Branches:
Dungeon (2/15)

Altars:
Yredelemnul

Annotations:
D:2 Terence


Innate Abilities, Weirdness & Mutations

You cannot be hasted, slowed, berserked, paralysed or teleported.
You can dig through walls and to a lower floor.
Your four strong arms can wield two-handed weapons with a shield.
You have a pair of large antennae on your head. (SInv)


Message History

You conjure some foxfire!
The human barely misses you.
The foxfire hits the human.
The human is moderately wounded.
The foxfire hits the human but does no damage.
The human is moderately wounded.
The human closely misses you.
Casting: Foxfire (safe; 8% risk of failure)
Confirm with . or Enter, or press ? or * to list all spells.
You conjure some foxfire!
The human hits you!
The foxfire hits the human.
The human is heavily wounded.
The foxfire hits the human but does no damage.
The human is heavily wounded.
The human hits you!
* * * LOW HITPOINT WARNING * * *
Your magical contamination has completely faded away.
Casting: Foxfire (safe; 8% risk of failure)
Confirm with . or Enter, or press ? or * to list all spells.
You conjure some foxfire!
The human hits you!
You die...

#..(# #.........#.#.##.#........
....# #.........#.#.##.#########
#...##########+#.#.#....## ##
###............#.........#######.
..###...########...............#.
....###......# #.........#####.#.
......#####..###.#..........##.#.
##.......'.....v.>...######.##.#.
###.....'...##.@p.......##......
##.......'.#.##..v.#.#.#######.##
......######.........#.# #.#
....###..).............#######.#
..###..........................#
###.....###..##.##..........#..#
#.....................####.....##
..####..#...............##.....#.
#....#..................##.....#.


You could see a human.

Vanquished Creatures
  A leopard gecko (D:1)
  3 giant cockroaches
  3 goblins (D:1)
  7 hobgoblins (D:1)
  A ball python (D:2)
  A bat (D:1)
  3 frilled lizards (D:1)
  A kobold zombie (D:2)
  4 rats
24 creatures vanquished.

Vanquished Creatures (others)
  A ball python (D:2)
  59 foxfires
60 creatures vanquished.

Grand Total: 84 creatures vanquished

Notes
Turn   | Place    | Note
-------+----------+-------------------------------------------
     0 | D:1      | thesequoiad the Formicid Fire Elementalist began the quest
                  | for the Orb.
     0 | D:1      | Reached XP level 1. HP: 13/13 MP: 3/3
    35 | D:1      | Reached skill level 1 in Conjurations
   209 | D:1      | Reached XP level 2. HP: 20/20 MP: 1/5
   615 | D:1      | Reached XP level 3. HP: 23/25 MP: 1/6
  1106 | D:2      | Noticed a human
  1107 | D:2      | Found a runed translucent door.
  1119 | D:2      | Noticed Terence
  1120 | D:2      | Found a basalt altar of Yredelemnul.
  1152 | D:1      | Slain by a human

Illustrated notes

Levels and vault maps discovered:
D:1:      lemuel_arrival_funnel, layout_basic
D:2:      layout_basic, first_ration, dk_yredelemnul_ordeal, uniq_robin,
          uniq_terence

Skill      XL: |  1 |
---------------+----+-----
Conjurations   | 1 |  1.5
Fighting       | |  0.8
Dodging        | |  1.7
Stealth        | |  2.4
Spellcasting   | |  2.5
Fire Magic     | |  3.4

Action                   || total
-------------------------++-------
Melee: Dagger            ||     1
Throw: Dart              ||     1
 Cast: Foxfire           ||    36
  Use: Scroll            ||     1
  Eat: Chunk             ||     1
Armor: Robe              ||     1
Dodge: Dodged            ||     8
